 Dungeon Crawl Stone Soup version 0.19.1-1-g22dce08 (webtiles) character file.

86 HessuHobo the Conjurer (level 4, -2/24 HPs)
             Began as a Deep Elf Conjurer on Dec 28, 2016.
             Slain by HessuHobo's ghost (4 damage)
             ... on level 3 of the Dungeon.
             The game lasted 00:03:38 (2681 turns).

HessuHobo the Conjurer (Deep Elf Conjurer)          Turns: 2681, Time: 00:03:38

Health: -2/24      AC:  2    Str:  4 (6)  XL:     4   Next: 26%
Magic:  5/10       EV: 12    Int: 17 (20) God:
Gold:   118        SH:  0    Dex: 12 (15) Spells: 2 memorised, 6 levels left

rFire  . . .     SeeInvis .     l - +3 dagger (drain)
rCold  . . .     Gourm    .     a - +0 robe
rNeg   . . .     Faith    .     (no shield)
rPois  .         Spirit   .     (no helmet)
rElec  .         Reflect  .     (no cloak)
rCorr  .         Harm     .     (no gloves)
MR     .....                    (no boots)
Stlth  ++........               (no amulet)
                                (no ring)
                                (no ring)

@: very slightly contaminated
A: no striking features
a: no special abilities


You were on level 3 of the Dungeon.
You were not hungry.

You visited 1 branch of the dungeon, and saw 3 of its levels.

You collected 118 gold pieces.

Inventory:

Hand Weapons
 k - a +0 short sword
 l - a +3 dagger of draining (weapon)
Armour
 a - a +0 robe (worn)
Jewellery
 v - a cursed ring of loudness
Wands
 d - a wand of iceblast (9/15)
Scrolls
 e - 2 scrolls of identify
 p - a scroll of remove curse
Potions
 f - a potion of heal wounds
 n - a potion of flight
 t - a potion of curing
Books
 b - a book of Conjurations

   Spells                             Type                      Level
   a - Magic Dart                     Conjuration                  1
   b - Searing Ray                    Conjuration                  2
   c - Dazzling Spray                 Conjuration/Hexes            3
   d - Fulminant Prism                Conjuration/Hexes            4
   e - Iskenderun's Mystic Blast      Conjuration                  4
   f - Iskenderun's Battlesphere      Conjuration/Charms           5
Comestibles
 c - 5 bread rations
 g - 3 chunks of flesh
 h - a meat ration
 q - 2 slices of pizza


   Skills:
 - Level 2.4 Dodging
 - Level 2.4 Stealth
 - Level 3.0 Spellcasting
 + Level 6.4 Conjurations


You had 6 spell levels left.
You knew the following spells:

 Your Spells              Type           Power        Failure   Level  Hunger
a - Magic Dart            Conj           ###.         1%          1    None
b - Searing Ray           Conj           ###...       1%          2    ##.....


Dungeon Overview and Level Annotations

Branches:
Dungeon (3/15)

Altars:
Okawaru

Annotations:
D:3 HessuHobo's ghost, weakling DECj


Message History

Casting: Magic Dart
Confirm with . or Enter, or press ? or * to list all spells.
Aiming: Magic Dart
Press: ? - help, Shift-Dir - straight line, f/p - HessuHobo's ghost
Aim: HessuHobo's ghost (severely damaged)
The magic dart hits HessuHobo's ghost.
HessuHobo's ghost is almost destroyed.
HessuHobo's ghost whispers, "They're coming for you..."
HessuHobo's ghost points at you and mumbles some strange words.
The magic dart hits you!
* * * LOW HITPOINT WARNING * * *
Casting: Magic Dart
Confirm with . or Enter, or press ? or * to list all spells.
Aiming: Magic Dart
Press: ? - help, Shift-Dir - straight line, f/p - HessuHobo's ghost
Aim: HessuHobo's ghost (almost destroyed)
The magic dart hits HessuHobo's ghost.
HessuHobo's ghost is almost destroyed.
HessuHobo's ghost hits you.
You die...

......#
.....
.....
#...
#..#
#..#
#).#
##..#
#@..#
#W..#
#...#
#...#
#....
#.#.##
#.#.#
#.#.#


You could see HessuHobo's ghost.

Vanquished Creatures
  2 adders (D:2)
  2 oozes (D:1)
  3 worms
  2 leopard geckos (D:1)
  2 giant cockroaches (D:1)
  8 goblins
  6 hobgoblins
  4 kobolds
  2 ball pythons
  3 bats
  7 frilled lizards
  8 rats
49 creatures vanquished.

Notes
Turn   | Place    | Note
-------+----------+-------------------------------------------
     0 | D:1      | HessuHobo the Deep Elf Conjurer began the quest for the Orb.
     0 | D:1      | Reached XP level 1. HP: 10/10 MP: 6/6
   159 | D:1      | Reached XP level 2. HP: 15/15 MP: 0/8
   257 | D:1      | Reached skill level 5 in Conjurations
   876 | D:1      | Reached XP level 3. HP: 19/19 MP: 7/9
  1323 | D:2      | Learned a level 2 spell: Searing Ray
  1506 | D:2      | Found an iron altar of Okawaru.
  1545 | D:2      | Reached skill level 6 in Conjurations
  1814 | D:2      | Reached XP level 4. HP: 24/24 MP: 5/10
  2519 | D:3      | Noticed HessuHobo's ghost (weakling DECj)
  2681 | D:3      | Slain by HessuHobo's ghost

Skill      XL: |  1  2  3 |
---------------+----------+-----
Conjurations   | 5 6 |  6.4
Dodging        | |  2.4
Stealth        | |  2.4
Spellcasting   | |  3.0

Action                   |  1- 3 |  4- 6 || total
-------------------------+-------+-------++-------
Melee: Dagger            |     3 |     1 ||     4
 Cast: Magic Dart        |    77 |    28 ||   105
  Use: Potion            |     7 |       ||     7
       Scroll            |     6 |       ||     6
  Eat: Chunk             |     3 |     2 ||     5
Armor: Robe              |     3 |       ||     3
Dodge: Dodged            |     9 |     3 ||    12
